 Dungeon Crawl Stone Soup version 0.26.1-2-gb8aa6d0cf2 (webtiles) character file.

Game seed: 13147253948060066778

59 promet the Skirmisher (level 4, 0/50 HPs)
             Began as an Ogre Fighter on Mar 11, 2021.
             Slain by a centaur
             ... wielding a cursed -2 shortbow
              (8 damage)
             ... on level 2 of the Dungeon.
             The game lasted 00:09:14 (2149 turns).

promet the Skirmisher (Ogre Fighter)                Turns: 2149, Time: 00:09:14

Health: 0/50       AC:  3    Str: 21    XL:     4   Next: 3%
Magic:  4/4        EV:  8    Int:  9    God:
Gold:   151        SH:  8    Dex:  8    Spells: 3/3 levels left

rFire    . . .     SeeInvis .   a - +0 war axe
rCold    . . .     Faith    .   c - +0 kite shield
rNeg     . . .     Spirit   .   b - +0 robe
rPois    .         Reflect  .   (helmet restricted)
rElec    .         Harm     .   (no cloak)
rCorr    .         Rampage  .   (gloves unavailable)
Will     .....                  (boots unavailable)
Stlth    +.........             (no amulet)
HPRegen  0.16/turn              (no ring)
MPRegen  0.09/turn              (no ring)

@: no status effects
A: large, unfitting armour, tough skin 1
a: no special abilities


You were on level 2 of the Dungeon.
You visited 1 branch of the dungeon, and saw 2 of its levels.

You collected 151 gold pieces.

Inventory:

Hand Weapons
 a - a +0 war axe (weapon)
 j - a +0 spear
 m - a cursed +0 short sword
Missiles
 e - 89 stones (quivered)
 i - 13 sling bullets
Armour
 b - a +0 robe (worn)
 c - a +0 kite shield (worn)
Scrolls
 f - 2 scrolls of remove curse
 h - a scroll of identify
 k - a scroll of teleportation {unknown}
 l - a scroll of enchant weapon {unknown}
Potions
 d - a potion of might
 g - a potion of flight


   Skills:
 * Level 5.1 Fighting
 + Level 2.5 Axes
 + Level 2.8 Dodging
 + Level 0.3 Stealth
 + Level 3.1 Shields


You had 3 spell levels left.
You didn't know any spells.
Your spell library was empty.

Dungeon Overview and Level Annotations

Branches:
Dungeon (2/15)

Altars:


Innate Abilities, Weirdness & Mutations

You are too large for most types of armour.
You have tough skin. (AC +1)


Message History

The centaur is heavily wounded.
You block the centaur's attack. x2
You hit the centaur.
The centaur is severely wounded.
You block the centaur's attack. The centaur barely misses you.
You barely miss the centaur.
The centaur is heavily wounded.
You block the centaur's attack.
The centaur hits you with a cursed -2 shortbow.
You hit the centaur.
The centaur is severely wounded.
You block the centaur's attack.
The centaur hits you with a cursed -2 shortbow!
* * * LOW HITPOINT WARNING * * *
You hit the centaur.
The centaur is severely wounded.
The centaur hits you with a cursed -2 shortbow!
* * * LOW HITPOINT WARNING * * *
The centaur hits you with a cursed -2 shortbow!
You die...

.........'...##
#........
.........#####.........
###....## #.......##
##......... . #....#
##.....## ##......... ..
###### ##...##
##.....?....... ####'###
#.!............ #####
#.>....# #.............
#....
#.##.#.###.......♣..♣
#.###
#.##.#.#.'......@c# #.#
#........'..(..(..#
#.###
........##.(.†(..♣..♣
#....
#.......##.......[.....
#.###
#.......##..............
#....
####.##.###...........$.
###.# #.##.#
##............ #.#
#.##.. ##........... #.#
#.#### ##......... #.#


You could see a centaur.

Vanquished Creatures
  3 adders (D:2)
  A dart slug (D:2)
  2 leopard geckos (D:1)
  A ball python (D:1)
  7 bats
  A giant cockroach (D:1)
  3 goblins
  2 hobgoblins
  3 kobolds (D:1)
  3 frilled lizards
  2 rats (D:2)
28 creatures vanquished.

Vanquished Creatures (others)
  A giant cockroach (D:2)
1 creature vanquished.

Grand Total: 29 creatures vanquished

Notes
Turn   | Place    | Note
-------+----------+-------------------------------------------
     0 | D:1      | promet the Ogre Fighter began the quest for the Orb.
     0 | D:1      | Reached XP level 1. HP: 24/24 MP: 1/1
   372 | D:1      | Reached XP level 2. HP: 33/33 MP: 2/2
  1251 | D:2      | Reached skill level 5 in Fighting
  1251 | D:2      | Reached XP level 3. HP: 42/42 MP: 3/3
  1823 | D:2      | Reached XP level 4. HP: 20/50 MP: 4/4
  2135 | D:2      | Noticed a centaur
  2149 | D:2      | Slain by a centaur

Illustrated notes

Levels and vault maps discovered:
D:1:      lightli_arrival_noodles, layout_basic
D:2:      kennysheep_big_flooded_room, layout_loops_corners

Skill      XL: |  1  2  3 |
---------------+----------+-----
Fighting       | 5 |  5.1
Shields        | 3 |  3.1
Axes           | |  2.5
Dodging        | |  2.8
Stealth        | |  0.3

Action                   |  1- 3 |  4- 6 || total
-------------------------+-------+-------++-------
Melee: War axe           |    94 |     9 ||   103
Throw: Stone             |     1 |       ||     1
  Use: Scroll            |     4 |       ||     4
       Potion            |     4 |       ||     4
Armor: Robe              |    39 |     3 ||    42
Dodge: Dodged            |    43 |     7 ||    50
Block: Kite shield       |    51 |     9 ||    60
